 Dungeon Crawl Stone Soup version 0.29-a0-284-gf9362112df (webtiles) character file.

Game seed: 11101923657093378925

1281 holysushi the Cutter (level 8, -4/64 HPs)
             Began as a Demonspawn Abyssal Knight on Mar 20, 2022.
             Was a High Priest of Lugonu.
             Slain by an orc warrior
             ... wielding a +0 battleaxe
              (16 damage)
             ... on level 7 of the Dungeon.
             The game lasted 00:10:59 (5993 turns).

holysushi the Cutter (Demonspawn Abyssal Knight)    Turns: 5993, Time: 00:11:01

Health: -4/64      AC:  9    Str: 14    XL:     8   Next: 29%
Magic:  11/11      EV: 12    Int: 20    God:    Lugonu [*****.]
Gold:   122        SH:  4    Dex: 15    Spells: 7/7 levels left

rFire   . . .      SeeInvis .   a - +1 short sword
rCold   + . .      Faith    .   (no shield)
rNeg    . . .      Spirit   .   y - +0 leather armour "Joenkece" {Regen+ Int+8}
rPois   .          Reflect  .   (no helmet)
rElec   .          Harm     .   p - +1 cloak
rCorr   .          Rampage  .   (no gloves)
Will    .....                   (boots unavailable)
Stlth   ++........              x - amulet of magic regeneration
HPRegen 1.00/turn               f - +4 ring of protection
MPRegen 0.52/turn               i - ring of protection from cold

@: no status effects
A: hooves 3, foul stench 1, condensation shield
a: Renounce Religion, Depart the Abyss, Bend Space, Banish, Corrupt, Enter the
Abyss


You were on level 7 of the Dungeon.
You worshipped Lugonu.
Lugonu was extremely pleased with you.
You visited 1 branch of the dungeon, and saw 7 of its levels.
You visited the Abyss 1 time.

You collected 302 gold pieces.
You spent 180 gold pieces at shops.

Inventory:

Hand Weapons
 a - a +1 short sword (weapon)
Missiles
 w - 2 throwing nets
Armour
 b - a +0 leather armour
 p - a +1 cloak (worn)
 y - the +0 leather armour "Joenkece" (worn) {Regen+ Int+8}
   (You found it on level 5 of the Dungeon)

   Int:       It affects your intelligence (+8).
   Regen:     It increases your rate of health regeneration.
Jewellery
 e - a ring of ice
 f - a +4 ring of protection (left hand)
 i - a ring of protection from cold (right hand)
 x - an amulet of magic regeneration (around neck)
Wands
 l - a wand of acid (9)
 C - a wand of iceblast (10)
Scrolls
 c - 3 scrolls of identify
 d - 2 scrolls of vulnerability
 j - a scroll of amnesia {unknown}
 k - a scroll of noise {unknown}
 m - 2 scrolls of fear {unknown}
 n - a scroll of acquirement {unknown}
 u - a scroll of silence {unknown}
 v - 2 scrolls of teleportation {unknown}
Potions
 g - 2 potions of curing
 h - a potion of attraction
 o - a potion of degeneration
 q - a potion of haste
 r - a potion of berserk rage
 s - a potion of flight
 t - 2 potions of might
 z - a potion of lignification {unknown}
 A - a potion of invisibility {unknown}
 B - a potion of mutation {unknown}


   Skills:
 + Level 5.6 Fighting
 * Level 6.6 Short Blades
 - Level 1.7 Armour
 + Level 3.1 Dodging
 + Level 1.4 Stealth
 + Level 5.0 Invocations
 - Level 1.0 Evocations


You had 7 spell levels left.
You didn't know any spells.
Your spell library contained the following spells:

 Spells                   Type           Power      Damage    Failure   Level
 Beastly Appendage        Tmut           0%         N/A       24%         1
 Static Discharge         Conj/Air       0%         N/A       34%         2
 Wereblood                Tmut           0%         N/A       34%         2
 Spider Form              Tmut/Pois      0%         N/A       56%         3
 Stone Arrow              Conj/Erth      0%         3d7       56%         3
 Animate Armour           Summ/Erth      0%         N/A       93%         4
 Fulminant Prism          Conj/Hex       0%         3d6       93%         4
 Iskenderun's Mystic Bla  Conj/Tloc      0%         2d3       93%         4
 Lee's Rapid Deconstruct  Erth           0%         3d5*      100%        5
 Lightning Bolt           Conj/Air       0%         1d11      100%        5
 Lehudib's Crystal Spear  Conj/Erth      0%         10d2      100%        8
 Maxwell's Capacitive Co  Air            0%         ∞         100%        8


Dungeon Overview and Level Annotations

Branches:
Dungeon (7/15)             Temple (0/1) D:4

Altars:
Nemelex Xobeh
Wu Jian
Yredelemnul

Shops:
D:4 !

Annotations:
D:4 1 transporter, pickled's ghost, amateur HOCK


Innate Abilities, Weirdness & Mutations

You have hooves in place of feet.
You may rarely emit foul miasma when damaged in melee.
A meltable shield of frost defends you. (SH +4)


Message History

The orc warrior hits you but does no damage.
The orc warrior attacks as you move away!
The orc warrior hits you with a +0 battleaxe!
The orc warrior attacks as you move away!
The orc warrior hits you with a +0 battleaxe!!
* * * LOW HITPOINT WARNING * * *
The orc warrior attacks as you move away!
You block the orc warrior's attack.
The orc warrior attacks as you move away!
The orc warrior barely misses you.
There is a stone staircase leading up here.
Aiming: Corrosive Bolt
Press: ? - help, Shift-Dir - straight line, f - orc warrior
Aim: an orc warrior, wielding a +0 battleaxe and wearing a +0 plate armour (71% to hit)
The bolt of acid hits the orc warrior!
The orc warrior is moderately wounded.
The orc warrior hits you with a +0 battleaxe!
* * * LOW HITPOINT WARNING * * *
Aiming: Corrosive Bolt
Press: ? - help, Shift-Dir - straight line, f/p - orc warrior
Aim: an orc warrior, wielding a +0 battleaxe and wearing a +0 plate armour (moderately wounded, 71% to hit)
The bolt of acid hits the orc warrior.
The acid corrodes the orc warrior!
The orc warrior is heavily wounded.
The orc warrior barely misses you.
Aiming: Corrosive Bolt
Press: ? - help, Shift-Dir - straight line, f - orc, p - orc warrior
Aim: an orc, wielding a +0 short sword and wearing a +0 ring mail (75% to hit)
The bolt of acid misses the orc warrior.
The bolt of acid hits the orc!
The acid corrodes the orc!
You kill the orc!
Lugonu accepts your kill. The orc warrior closely misses you.
Aiming: Corrosive Bolt
Press: ? - help, Shift-Dir - straight line, f - orc wizard
Aim: an orc wizard, wielding a +0 dagger and wearing a +0 robe (64% to hit)
The bolt of acid hits the orc warrior!
The orc warrior is severely wounded.
The bolt of acid misses the orc wizard.
The orc warrior hits you with a +0 battleaxe!
You die...

#..).#
#...)#
#....#
#....#####
#......).#
#....###o#
#....# #.#
#....# #o#
###### #@#
###


You could see an orc warrior (corroded) and an orc wizard.

Vanquished Creatures
  2 sky beasts
  2 ice beasts
  A black bear (D:6)
  A centaur (D:6)
  A bullfrog (D:6)
  2 scorpions (D:6)
  3 wights (D:6)
  2 hounds (D:3)
  A jelly (D:6)
  Crazy Yiuf (D:3)
  Jessica (D:3)
  An iguana (D:6)
  3 orc wizards
  4 adders
  2 ufetubi
  2 worms
  3 dart slugs
  14 orcs
  10 ball pythons
  4 bats
  5 endoplasms
  11 giant cockroaches
  6 goblins
  8 hobgoblins
  2 jackals (D:2)
  5 kobolds
  3 quokkas
  3 frilled lizards
  6 rats
109 creatures vanquished.

Notes
Turn   | Place    | Note
-------+----------+-------------------------------------------
     0 | Abyss:1  | holysushi the Demonspawn Abyssal Knight began the quest for
                  | the Orb.
     0 | Abyss:1  | Reached XP level 1. HP: 18/18 MP: 2/2
    18 | D:1      | Escaped the Abyss
    58 | D:1      | Reached skill level 2 in Short Blades
   343 | D:1      | Gained mutation: You have large cloven feet. [demonic
                  | ancestry]
   343 | D:1      | Reached XP level 2. HP: 24/24 MP: 3/3
   684 | D:1      | Reached *** piety under Lugonu
   712 | D:1      | Found a faded altar of an unknown god.
   816 | D:1      | Gained mutation: You have hoof-like feet. [demonic
                  | ancestry]
   816 | D:1      | Reached XP level 3. HP: 28/29 MP: 4/4
  1091 | D:2      | Reached skill level 3 in Short Blades
  1814 | D:2      | Reached **** piety under Lugonu
  1825 | D:3      | Gained mutation: You may rarely emit foul miasma when
                  | damaged in melee. [demonic ancestry]
  1825 | D:3      | Reached XP level 4. HP: 37/37 MP: 5/5
  2154 | D:3      | Reached skill level 4 in Short Blades
  2154 | D:3      | Gained mutation: A meltable shield of frost defends you.
                  | (SH +4) [demonic ancestry]
  2154 | D:3      | Reached XP level 5. HP: 35/42 MP: 6/6
  2238 | D:3      | Noticed Jessica
  2245 | D:3      | Killed Jessica
  2342 | D:3      | Found an ornate altar of the Wu Jian Council.
  2582 | D:3      | Found a basalt altar of Yredelemnul.
  2753 | D:3      | Found a runed translucent door.
  2754 | D:3      | Noticed Crazy Yiuf
  2924 | D:3      | Killed Crazy Yiuf
  3046 | D:4      | Found a transporter.
  3061 | D:4      | Found Yhithrute's Distillery.
  3070 | D:4      | Bought a potion of berserk rage for 60 gold pieces
  3070 | D:4      | Bought a potion of flight for 36 gold pieces
  3070 | D:4      | Bought a potion of curing for 36 gold pieces
  3070 | D:4      | Bought a potion of might for 48 gold pieces
  3216 | D:4      | Found a staircase to the Ecumenical Temple.
  3221 | D:4      | Reached XP level 6. HP: 41/49 MP: 7/7
  3447 | D:4      | Reached skill level 1 in Dodging
  4061 | D:4      | Noticed pickled's ghost (amateur HOCK)
  4096 | D:5      | Entered Level 5 of the Dungeon
  4141 | D:5      | Noticed a sky beast
  4216 | D:4      | Killed a sky beast
  4217 | D:4      | Reached skill level 5 in Short Blades
  4520 | D:5      | Found a sparkling altar of Nemelex Xobeh.
  4886 | D:5      | Identified the +0 leather armour "Joenkece" {Regen+ Int+8}
  4917 | D:5      | Noticed an ice beast
  4944 | D:5      | Killed an ice beast
  5121 | D:6      | Reached XP level 7. HP: 52/55 MP: 9/9
  5147 | D:6      | Reached skill level 5 in Fighting
  5180 | D:6      | Reached skill level 1 in Evocations
  5387 | D:6      | Reached skill level 6 in Short Blades
  5450 | D:6      | Reached ***** piety under Lugonu
  5451 | D:6      | Gained mutation: You have hooves in place of feet. [demonic
                  | ancestry]
  5451 | D:6      | Reached XP level 8. HP: 60/63 MP: 11/11
  5468 | D:6      | Reached skill level 1 in Stealth
  5975 | D:7      | Reached skill level 5 in Invocations
  5993 | D:7      | Slain by an orc warrior

Illustrated notes

Levels and vault maps discovered:
D:1:      psy_arrival_statuary, layout_basic,
          chequers_ecumenical_altar_simple_redux, roderic_roman_lattice,
          minmay_worlds_worst_comb
D:2:      layout_basic, minmay_cut_off
D:3:      layout_rooms, mainiacjoe_overflow_24_doors, overflow_temple_1_default,
          chequers_serial_rivers_large_a, hangedman_decor_peaks_small,
          uniq_crazy_yiuf_cottage, uniq_jessica
D:4:      layout_layer_cave, minmay_temple_entry_glassed_door,
          gammafunk_ghost_mausoleum, serial_shops, nicolae_shop_waterfront
D:5:      layout_gridville, lemuel_doored_altar
D:6:      layout_basic
D:7:      layout_basic

Skill      XL: |  1  2  3  4  5  6  7  8 |
---------------+-------------------------+-----
Short Blades   | 2 3 4 5 6 |  6.6
Fighting       | 4 5 |  5.6
Dodging        | 1 2 3 |  3.1
Invocations    | 3 4 5 |  5.0
Evocations     | 1 |  1.0
Stealth        | 1 |  1.4
Armour         | |  1.7

Action                   |  1- 3 |  4- 6 |  7- 9 || total
-------------------------+-------+-------+-------++-------
Melee: Short sword       |   119 |   142 |   107 ||   368
       Punch             |     2 |       |     2 ||     4
       Kick              |    29 |    41 |    33 ||   103
Evoke: Wand              |       |     5 |     6 ||    11
  Use: Scroll            |     1 |     3 |       ||     4
       Potion            |       |     1 |       ||     1
 Stab: Sleeping          |       |       |     1 ||     1
Armor: Leather armour    |    35 |    64 |    40 ||   139
Dodge: Dodged            |    76 |    65 |    44 ||   185
Block: Other             |       |    13 |    14 ||    27

Table legend: (Time is in decaauts)
 A = Elapsed time spent in this place.
 B = Non-inter-level travel time spent in this place.
 C = Inter-level travel time spent in this place.
 D = Time resting spent in this place.
 E = Time spent auto-exploring this place.
 F = Levels seen in this place.
 G = Mean time per level.
                   A        B        C        D        E       F      G
               +--------+--------+--------+--------+--------+-----+--------+
         Total |   5962 |   5804 |    158 |    955 |   3626 |   8 |  745.2 |
       Dungeon |   5944 |   5786 |    158 |    955 |   3621 |   7 |  849.1 |
         Abyss |     18 |     18 |      0 |      0 |      5 |   1 |   18.0 |
               +--------+--------+--------+--------+--------+-----+--------+

Top non-repeatable levels by time:
     D:4: 1378 daAuts
     D:1: 1060 daAuts
     D:3: 1001 daAuts
     D:2: 885 daAuts
     D:6: 815 daAuts
     D:5: 760 daAuts
     D:7: 43 daAuts
 Abyss:1: 18 daAuts
